Cogmind - Beta 17 @@@ ROGUE MODE // 2026.07.22 @ 16:32:50 Player: President Manblast Result: Destroyed by B-75 Beast with Magnetic Acceleration Cannon Performance ------------- Evolutions (5) 2500 Regions Visited (19) 3800 Robots Destroyed (284) 1420 Value Destroyed (10892) 10892 Prototype IDs (41) 820 Alien Tech Used (0) 0 Bonus (2392) 2392 TOTAL SCORE: 21824 Bonus ------- High Alert Combat Kills 537 Follower Combat Kills 211 Entered Garrisons 400 Used RIF Installer 1000 Met Data Miner 300 Friendly Fire -56 Cogmind --------- Core Integrity 0/1000 Matter 206/300 Energy 99/100 System Corruption 12% Temperature Warm (128) Movement Core (50) Location -5/Extension Parts ------- > --- POWER (1) -------- (None) > --- PROPULSION (2) --- (None) > --- UTILITY (10) ----- (None) > --- WEAPON (4) ------- (None) > --- INVENTORY (5) ---- Neutrino Core Improved Actuator Array Improved Medium Armor Plating Ion Burst Cannon Advanced Assault Cannon Peak State ------------ > --- POWER ------------ Fission Core > --- PROPULSION ------- Improved Medium Treads Compact Wheel > --- UTILITY ---------- Huge Storage Unit Advanced Signal Interpreter Advanced Targeting Computer Improved Target Analyzer Recoil Stabilizer Improved Kinecellerator Medium Insulated Plating Improved Focal Shield Advanced System Shield Relay Coupler [NC] > --- WEAPON ----------- Variable Charge Gun Ion Burst Cannon Improved Heavy Machine Gun Mass Driver > --- INVENTORY -------- Angular Momentum Engine Compact Wheel Compact Wheel Improved Cooling System High-capacity Matter Pod Advanced Sensor Array Advanced Terrain Scanner Advanced Terrain Scan Processor Improved Transmission Jammer Layered Medium Armor Plating Heavy Insulated Plating Authchip [Weapon] Relay Coupler [NC] Improved Arc Projector Improved Arc Projector Improved Arc Projector Ion Burst Cannon Improved Heavy Machine Gun Improved Heavy Machine Gun Long-range Missile Launcher Remote Datajack Plasma Cutter Phasing Sabre [Rating: 85] Favorites ----------- Power Reinforced Deuterium Engine Engine Reinforced Deuterium Engine Power Core Neutrino Core Propulsion Compact Wheel Treads Light Treads Wheel Compact Wheel Utility Huge Storage Unit Device Advanced Sensor Array Storage Huge Storage Unit Processor Advanced Targeting Computer Hackware Relay Coupler [NC] Protection Improved Medium Armor Plating Weapon Improved Heavy Machine Gun Energy Gun Gatling Laser Energy Cannon Heavy Particle Cannon Ballistic Gun Improved Heavy Machine Gun Ballistic Cannon Mass Driver Launcher Rocket Launcher Special Weapon Remote Datajack Impact Weapon Powered Hammer Slashing Weapon Katana Piercing Weapon Lance Special Melee Weapon Improved Datajack Build | -11 -10 -9 -9 -9 -8 -8 -8 -8 -8 -7 -7 -7 -6 -6 -6 -6 -5 -5 -5 ------- Run | Yrd Mat Mat Min Exi Min Mat Gar Mat Gar Fac Low Low Fac Low Low Dat Pro Fac Ext Slots Evolved 10 | . . 2 . . . 2 . . . 2 . . 2 . . . . 2 . Power . | . . . . . . . . . . . . . . . . . . . . Propulsion . | . . . . . . . . . . . . . . . . . . . . Utility 8 | . . 1 . . . 2 . . . 2 . . 2 . . . . 1 . Weapon 2 | . . 1 . . . . . . . . . . . . . . . 1 . Parts Attached 247 | 8 13 23 2 3 1 19 5 11 8 24 4 . 41 1 3 . 11 51 19 Power 24 | 1 1 1 . . . 1 . 1 . 1 . . 5 . . . 3 10 . Engine 16 | 1 1 1 . . . 1 . 1 . 1 . . 4 . . . 3 3 . Core 8 | . . . . . . . . . . . . . 1 . . . . 7 . Reactor . | . . . . . . . . . . . . . . . . . . . . Propulsion 40 | 2 4 4 . . . 4 . 1 2 3 1 . 7 . . . 2 5 5 Treads 12 | 2 . 3 . . . 3 . . 1 1 . . 1 . . . . 1 . Leg . | . . . . . . . . . . . . . . . . . . . . Wheel 28 | . 4 1 . . . 1 . 1 1 2 1 . 6 . . . 2 4 5 Hover . | . . . . . . . . . . . . . . . . . . . . Flight . | . . . . . . . . . . . . . . . . . . . . Utility 103 | 2 4 6 2 2 . 6 4 3 5 12 3 . 18 1 1 . 3 25 6 Device 41 | 1 2 . 2 . . 1 1 1 2 5 2 . 8 1 1 . . 10 4 Storage 7 | 1 2 . . 1 . . . 1 1 . . . . . . . . 1 . Processor 18 | . . . . . . 3 . . 1 4 . . 3 . . . . 7 . Hackware 12 | . . 1 . . . . 2 . . 1 . . 4 . . . . 4 . Protection 25 | . . 5 . 1 . 2 1 1 1 2 1 . 3 . . . 3 3 2 Artifact . | . . . . . . . . . . . . . . . . . . . . Weapon 80 | 3 4 12 . 1 1 8 1 6 1 8 . . 11 . 2 . 3 11 8 Energy Gun 15 | 1 . 3 . . . 2 . 2 . 2 . . 1 . . . . 4 . Energy Cannon 7 | . . 1 . 1 . 1 . . . . . . 3 . 1 . . . . Ballistic Gun 31 | 2 2 5 . . 1 4 1 4 . 3 . . 4 . . . 2 3 . Ballistic Cannon 1 | . . . . . . . . . . . . . . . . . . 1 . Launcher 6 | . . 1 . . . . . . 1 1 . . . . 1 . . 1 1 Special Weapon 4 | . 1 . . . . . . . . 2 . . 1 . . . . . . Impact Weapon 1 | . . . . . . . . . . . . . 1 . . . . . . Slashing Weapon 13 | . 1 1 . . . 1 . . . . . . 1 . . . 1 1 7 Piercing Weapon 1 | . . . . . . . . . . . . . . . . . . 1 . Special Melee Weapon 1 | . . 1 . . . . . . . . . . . . . . . . . Unidentified Prototypes 10 | . . 3 . . . . . 1 . 1 . . 3 . . . . 2 . Corrupted Parts 2 | . . . . . . . . . . . . . . . . . . 2 . System Corruption 5 | . . . . . . . . . . . . . . . . . . 5 . Parts Lost 64 | . 2 . . . . 7 2 1 5 . . . 6 . . . 10 23 8 Power 7 | . . . . . . 1 . . . . . . 1 . . . 2 2 1 Propulsion 13 | . . . . . . 2 . . 1 . . . 1 . . . 1 5 3 Utility 30 | . . . . . . 2 2 . 3 . . . 4 . . . 6 11 2 Weapon 14 | . 2 . . . . 2 . 1 1 . . . . . . . 1 5 2 Highest Loss Streak 14 | . 2 . . . . 6 1 1 3 . . . 2 . . . 10 14 4 To Critical Strikes 2 | . . . . . . . . . 1 . . . . . . . . 1 . Average Backups 22 | 4 15 19 20 20 19 19 19 23 24 24 25 25 24 25 25 25 20 21 23 Power 1 | . 1 1 1 1 1 . 1 1 1 1 1 1 1 1 1 1 . 1 1 Propulsion 3 | 3 5 5 4 4 4 3 3 4 3 3 3 3 2 3 3 3 1 1 1 Utility 10 | . 3 6 7 7 7 8 7 9 10 12 13 13 13 13 13 13 11 10 12 Weapon 6 | 1 5 6 7 7 6 6 6 6 6 6 6 6 6 6 6 6 5 6 5 Tool/Special . | . . . . . . . . . . . . . . . . . . . . Unused Backups 63 | . 6 6 . . . 10 1 4 2 2 . . 8 . . . 6 10 8 Power 8 | . 1 1 . . . 2 . . . . . . 1 . . . . 2 1 Propulsion 9 | . 2 2 . . . . . . . . . . 1 . . . 1 3 . Utility 29 | . 1 1 . . . 5 1 2 2 1 . . 3 . . . 5 4 4 Weapon 16 | . 2 2 . . . 3 . 2 . 1 . . 3 . . . . 1 2 Tool/Special 1 | . . . . . . . . . . . . . . . . . . . 1 Average Slot Usage (%) 98 | . 100 98 100 100 100 98 100 99 99 99 99 100 99 100 99 87 97 93 96 Engine 6 | . 14 11 11 11 11 8 9 9 9 7 7 7 5 6 6 6 4 1 . Treads 2 | . 8 2 7 . . 2 1 3 1 4 . . . . . . . . . Wheel 13 | . 19 19 14 22 22 15 16 14 16 9 14 14 12 12 12 13 12 10 10 Device 13 | . 14 11 11 11 11 9 11 16 25 12 7 7 13 13 13 13 18 12 7 Storage 7 | . 14 11 11 11 11 9 9 9 9 7 7 7 6 6 6 6 6 5 5 Processor 17 | . . . . . . 17 10 9 1 25 30 30 25 26 26 26 15 21 28 Hackware 3 | . . . . . . . 3 1 . . . . 5 6 6 6 6 7 4 Protection 7 | . . 10 11 11 11 8 10 9 9 6 6 7 6 6 5 6 10 4 6 Energy Gun 3 | . . . . . . 5 9 13 16 2 7 7 2 . . . . 2 . Energy Cannon 2 | . . 10 11 11 10 3 . . . . . . 2 2 3 . 1 . . Ballistic Gun 12 | . 23 17 22 22 22 13 14 10 6 13 14 15 11 13 13 6 16 6 . Slashing Weapon 3 | . 1 2 . . . 4 . 2 2 3 . . 2 3 2 . 1 5 17 Peak Build Rating 85 | 7 13 22 20 20 20 33 34 36 36 48 48 48 69 69 69 69 69 85 78 Average Rating 46 | 5 10 18 20 20 20 29 32 34 33 43 46 47 58 63 64 54 59 70 73 On Entrance 39 | . 7 12 20 20 20 20 32 32 34 32 48 48 47 69 67 65 68 66 77 Avg Prop Armor Cover (%) 7 | . 11 7 7 . . 9 9 8 . 7 . . 6 . 6 6 . . . Naked Turns 2 | . . . . . . . . . . . . . . . . . . . 2 Heaviest Build 137 | 15 52 63 64 63 63 66 69 111 112 118 118 115 137 120 120 122 120 131 130 Greatest Support 40 | 40 40 24 24 24 24 24 24 24 24 28 26 26 32 32 32 32 32 32 32 Greatest Overweight (x) 12 | . 4 5 5 2 2 5 5 9 9 11 11 4 12 7 7 7 3 8 11 Average Overweight (x) 3 | . 1 2 3 2 2 2 2 4 4 6 4 4 3 3 3 3 2 3 3 Largest Inventory Capacity 25 | 8 20 20 20 20 20 20 20 25 25 25 25 25 25 25 25 25 25 25 25 Average Capacity 23 | 7 16 20 20 20 20 20 20 24 25 25 25 25 25 25 25 25 25 25 24 Most Carried 25 | 8 20 20 20 20 20 20 20 25 25 25 25 25 25 25 25 25 25 25 25 Average Carried 22 | 4 15 19 20 20 19 19 19 23 24 24 24 25 24 25 24 25 20 22 24 Final Capacity 25 | 8 20 20 20 20 20 20 20 25 25 25 25 25 25 25 25 25 25 25 5 Final Carried 25 | 8 20 20 20 20 20 19 20 25 22 25 25 25 25 25 25 25 24 25 5 Class Distribution -------------------- 36% | Gunner 34% | Mutant 10% | Tank 7% | Scavenger-Gladiator 4% | Scavenger-Tank Dominant Class ---------------- Mutant | -10/Materials Tank | -9/Materials Scavenger-Tank | -9/Mines Tank | -9/Exiles Tank | -8/Mines Mutant | -8/Materials Mutant | -8/Garrison Gunner | -8/Materials Tank | -8/Garrison Mutant | -7/Factory Gunner | -7/Lower Caves Gunner | -7/Lower Caves Gunner | -6/Factory Mutant | -6/Lower Caves Gunner | -6/Lower Caves Mutant | -6/Data Miner Scavenger-Tank | -5/Proximity Caves Scavenger-Gladiator | -5/Factory Scavenger-Gladiator | -5/Extension Resources | -11 -10 -9 -9 -9 -8 -8 -8 -8 -8 -7 -7 -7 -6 -6 -6 -6 -5 -5 -5 ----------- Run | Yrd Mat Mat Min Exi Min Mat Gar Mat Gar Fac Low Low Fac Low Low Dat Pro Fac Ext Matter Collected 12428 | 290 453 1131 274 . 86 853 385 951 798 818 515 55 2078 131 546 . 948 1592 524 Remotely . | . . . . . . . . . . . . . . . . . . . . Salvage Created 12034 | 141 588 1223 254 . 36 1153 631 972 881 510 194 . 1772 61 275 . 611 1564 1168 Parts 613 | 10 32 87 6 . 3 69 35 60 55 34 8 . 85 1 9 . 17 67 35 Haulers Intercepted 10 | . . 5 . . . 3 . 2 . . . . . . . . . . . Recyclers Shooed 12 | . . 1 . . . 2 . 1 . 1 . . 5 . . . . . 2 Parts Field Recycled . | . . . . . . . . . . . . . . . . . . . . Retrieved Matter . | . . . . . . . . . . . . . . . . . . . . Parts Self-Destructed 35 | . . . . . . . . . . . 8 . . 1 5 . 21 . . Prevented 3 | . . . . . . . . . . . . . . . . . 3 . . Parts Restored . | . . . . . . . . . . . . . . . . . . . . Kills | -11 -10 -9 -9 -9 -8 -8 -8 -8 -8 -7 -7 -7 -6 -6 -6 -6 -5 -5 -5 ------- Run | Yrd Mat Mat Min Exi Min Mat Gar Mat Gar Fac Low Low Fac Low Low Dat Pro Fac Ext Combat Hostiles Destroyed 229 | . 12 27 13 . 3 19 13 20 33 8 5 . 26 . 4 . 16 25 5 Melee 20 | . . . . . . 1 . . . . . . . . . . . 14 5 Guns 140 | . 12 12 7 . 3 15 13 20 18 8 4 . 15 . . . 9 4 . Cannons 31 | . . 8 6 . . 1 . . . . . . 8 . 1 . 4 3 . AOE 38 | . . 7 . . . 2 . . 15 . 1 . 3 . 3 . 3 4 . Classes Destroyed 22 | 2 3 4 2 . . 2 . 1 2 . 1 . 1 . 1 . 3 . . Worker 7 | . . 1 . . . . . 1 . 1 . . . . . . . 3 1 Builder 6 | . . . . . . . . 1 . . . . 1 . . . . 4 . Tunneler 9 | 4 . 1 . . . 1 . 1 . . . . 1 . . . . . 1 Hauler 10 | . . 5 . . . 3 . 2 . . . . . . . . . . . Recycler 21 | 1 2 1 . . . 2 . 1 . 3 . . 4 . . . . 2 5 Minesweeper 1 | . . . . . . . . . . . . . . . . . 1 . . Operator 2 | . . 1 . . . . . . . . . . 1 . . . . . . Watcher 6 | . 1 . . . . 2 . . . . . . 1 . . . . 1 1 Swarmer 51 | . 3 11 . . 3 4 . 5 14 . . . 4 . 3 . 2 2 . Cutter 1 | . . . . . . . . . 1 . . . . . . . . . . Grunt 79 | . 9 8 3 . . 6 7 8 13 2 . . 10 . . . 6 4 3 Brawler 11 | . . . . . . 1 3 . . . 2 . 1 . . . 1 3 . Duelist 4 | . . . . . . . . . . . . . . . . . 4 . . Protector 1 | . . . . . . . . . . . . . . . . . 1 . . Sentry 38 | . . 8 . . . 5 3 6 3 1 1 . 2 . . . 2 5 2 Demolisher 2 | . . . 2 . . . . . . . . . . . . . . . . Specialist 1 | . . . . . . . . . . . . . 1 . . . . . . Hunter 5 | . . . . . . 3 . 1 . . . . . . . . . 1 . Programmer 27 | . . . . . . . . . 2 5 1 . 8 . 1 . . 10 . Decomposer 3 | . . . . . . . . . . . . . . . 3 . . . . Samaritan 2 | . . . . . . . . . . . . . . . 2 . . . . Thief 1 | . . . . . . . . . . . 1 . . . . . . . . Assembled 8 | . . . 8 . . . . . . . . . . . . . . . . Guerrilla 1 | . . . . . . . . . . . . . . . . . . . 1 Best Kill Streak 9 | 2 4 9 3 . 2 4 4 3 7 4 3 . 4 . 3 . 9 8 5 Combat Bots Only 9 | . 4 7 3 . 2 4 4 3 7 4 3 . 3 . 3 . 9 4 2 Max Kills in Single Turn 4 | 1 1 4 1 . 1 2 2 1 4 1 1 . 2 . 3 . 2 4 2 Gunslinging 1 | . . . . . . . 1 . . . . . . . . . . . . Exploded 4 | . . 3 . . . 2 . . 4 . 1 . 2 . 3 . 2 2 . Melee 1 | . . . . . . 1 . . . . . . . . . . . 1 1 Uniques/NPCs Destroyed . | . . . . . . . . . . . . . . . . . . . . Combat | -11 -10 -9 -9 -9 -8 -8 -8 -8 -8 -7 -7 -7 -6 -6 -6 -6 -5 -5 -5 -------- Run | Yrd Mat Mat Min Exi Min Mat Gar Mat Gar Fac Low Low Fac Low Low Dat Pro Fac Ext Hostile Shots Fired 1111 | . 83 50 28 . 10 107 71 53 101 46 16 5 151 . 12 . 58 224 96 Missed 269 | . 17 18 5 . 1 19 18 12 27 11 6 3 39 . 6 . 15 47 25 Hits 842 | . 66 32 23 . 9 88 53 41 74 35 10 2 112 . 6 . 43 177 71 Melee 23 | . . . . . . . 1 . . . 2 . 1 . . . 11 8 . Projectile 819 | . 66 32 23 . 9 88 52 41 74 35 8 2 111 . 6 . 32 169 71 AOE 11 | . . . 6 . . . . . 2 . . . 3 . . . . . . Critical Strikes 38 | . 2 . . . . 3 3 2 2 . 1 . 4 . . . 6 11 4 Part Disruptions 2 | . . . . . . . . . . . . . 1 . . . . 1 . Damage Taken 14282 | . 746 417 454 . 64 1276 733 594 872 662 99 22 1578 . 74 . 1334 3727 1630 Core 2225 | . 174 68 142 . 15 223 36 60 133 125 . . 107 . . . 120 609 413 Absorbed by Shields 417 | . . . . . . 16 92 . 96 . . . 213 . . . . . . Redirected to Shielding 11 | . . . . . . . . . . . . . . . . . . . 11 Ignored by Resistances 659 | . . . . . . . . . . . . . 178 . 20 . 25 214 222 Regen/Repaired (Parts) 312 | . 95 147 . . . . . 29 . . . . . . . . . 41 . Core Remaining (%) 57 | 100 30 . . . 43 . . . 17 . . 82 . . . . 73 . . Volleys Fired 540 | 19 53 38 24 . 5 39 27 31 50 22 7 . 80 . 45 . 37 29 34 Largest 4 | 1 2 3 3 . 3 3 3 3 3 3 3 . 3 . 3 . 3 4 2 Hottest 237 | 50 100 121 121 . 121 161 128 166 166 131 141 . 138 . 130 . 154 237 200 Shots Fired 1230 | 19 100 100 72 . 15 104 77 97 113 52 22 . 173 . 57 . 103 88 38 Gun 929 | 19 94 66 48 . 12 85 77 97 102 44 20 . 104 . 14 . 88 59 . Cannon 198 | . . 29 24 . 3 16 . . . . . . 46 . 41 . 7 22 10 Launcher 40 | . . 5 . . . 3 . . 11 . 2 . 3 . 2 . 7 5 2 Special 63 | . 6 . . . . . . . . 8 . . 20 . . . 1 2 26 Kinetic 729 | . 94 66 48 . 12 66 50 49 42 34 12 . 92 . 14 . 88 62 . Thermal 399 | 19 6 29 24 . 3 35 27 48 60 10 8 . 58 . 41 . 7 14 10 Explosive 40 | . . 5 . . . 3 . . 11 . 2 . 3 . 2 . 7 5 2 Electromagnetic 5 | . . . . . . . . . . . . . . . . . . 5 . Robot Hit Streak 41 | 11 8 17 6 . 7 13 14 16 18 7 5 . 16 . 4 . 12 41 15 Robot Miss Streak 6 | 1 3 2 2 . 2 4 4 3 5 5 4 . 3 . 6 . 3 3 5 Penetration Max . | . . . . . . . . . . . . . . . . . . . . Secondary Targets 13 | . 2 . . . . . 2 . 4 2 . . 1 . . . 2 . . Max Gunslinging Chain 1 | . 1 . . . . . 1 . 1 1 . . 1 . . . 1 . . Shots Hit Robots 956 | 17 67 75 38 . 9 81 56 72 75 47 14 . 135 4 12 . 70 126 58 Core Hits 533 | 6 26 47 20 . 3 48 33 45 58 30 20 . 68 1 8 . 36 63 21 Critical Kills 2 | . . . 1 . . . . . . 1 . . . . . . . . . Critical Parts Destroyed 3 | . 1 . 1 . . 1 . . . . . . . . . . . . . Critical Strikes 19 | 2 1 . 2 . . 3 . 3 1 1 . . . . . . . 4 2 Burn 6 | 2 . . . . . . . 3 1 . . . . . . . . . . Destroy 5 | . 1 . 2 . . 1 . . . 1 . . . . . . . . . Sever 8 | . . . . . . 2 . . . . . . . . . . . 4 2 Melee Attacks 347 | . 5 21 . . . 28 4 22 10 29 . . 29 4 78 . 3 86 28 Impact . | . . . . . . . . . . . . . . . . . . . . Slashing 318 | . 5 13 . . . 28 3 19 10 25 . . 29 4 78 . 3 74 27 Piercing 13 | . . . . . . . . . . . . . . . . . . 12 1 Sneak Attacks 65 | . 1 12 . . . 7 . 7 . 6 . . 12 . 6 . 3 6 5 Combat Hostiles . | . . . . . . . . . . . . . . . . . . . . Follow-up Attacks 21 | . . . . . . . . . . . . . . . . . . 13 8 Damage Inflicted 28391 | 212 964 2325 746 . 152 2087 1056 1655 2384 950 434 . 3968 194 793 . 2741 5629 2101 Guns 11995 | 212 916 634 342 . 102 938 1056 1176 1443 677 295 . 1704 . 64 . 1266 1170 . Cannons 4015 | . . 512 404 . 50 325 . . . . . . 1096 . 133 . 253 776 466 Explosions 4990 | . . 542 . . . 250 . . 941 . 139 . 277 . 153 . 1009 1336 343 Melee 7385 | . 46 637 . . . 574 . 479 . 273 . . 887 194 443 . 213 2347 1292 Ramming 6 | . 2 . . . . . . . . . . . 4 . . . . . . Kinetic 8679 | . 916 634 342 . 102 580 484 318 423 524 131 . 1441 . 64 . 1266 1454 . Thermal 7357 | 212 . 512 404 . 50 683 572 858 1020 153 164 . 1402 . 133 . 253 475 466 Explosive 4947 | . . 542 . . . 250 . . 941 . 139 . 234 . 153 . 1009 1336 343 Electromagnetic 17 | . . . . . . . . . . . . . . . . . . 17 . Impact . | . . . . . . . . . . . . . . . . . . . . Slashing 6990 | . 46 637 . . . 574 . 479 . 273 . . 887 194 443 . 213 1995 1249 Piercing 395 | . . . . . . . . . . . . . . . . . . 352 43 Highest Corruption 17 | . . . . . . . 3 3 7 6 8 6 1 1 1 1 1 17 12 Average Corruption 4 | . . . . . . . 3 3 6 3 6 6 1 1 1 1 1 10 12 Corruption Purged 15 | . . . . . . . . . . . 2 . . . . . . 13 . Corruption Blocked . | . . . . . . . . . . . . . . . . . . . . Effects 360 | . . . . . . . 14 39 44 61 28 1 20 5 15 1 11 82 39 Message Errors 86 | . . . . . . . 4 6 14 15 5 1 8 2 1 . 3 20 7 Matter Fused 96 | . . . . . . . 7 16 5 12 14 . 3 1 6 1 2 18 11 Heat Flow Errors 34 | . . . . . . . . 3 6 9 . . 1 . 1 . . 9 5 Energy Discharges 47 | . . . . . . . . 5 4 9 4 . 2 . 4 . 1 12 6 Parts Rejected 6 | . . . . . . . . . 1 . . . . . . . . 4 1 Parts Fused 4 | . . . . . . . . . . 2 . . 1 1 . . . . . Data Loss (minor) 48 | . . . . . . . 2 3 9 7 2 . 1 . 1 . 5 13 5 Data Loss (major) 11 | . . . . . . . 1 2 2 . . . 2 . 1 . . 2 1 Misfires 11 | . . . . . . . . 4 . 3 1 . 2 . . . . 1 . Alerts 12 | . . . . . . . . . 1 4 2 . . 1 1 . . 2 1 Misdirections 3 | . . . . . . . . . . . . . . . . . . 1 2 Weapon Failures 2 | . . . . . . . . . 2 . . . . . . . . . . Overload Shots . | . . . . . . . . . . . . . . . . . . . . Overflow Damage 1384 | . . 218 10 . 5 60 . 27 30 61 . . 288 19 156 . 184 216 110 Projectiles 48 | . . . 10 . 5 . . . . . . . 15 . . . . 18 . Explosions 245 | . . 73 . . . . . . 30 . . . 11 . . . 63 62 6 Melee 1091 | . . 145 . . . 60 . 27 . 61 . . 262 19 156 . 121 136 104 Knockbacks 4 | . . . . . . . . . . . . . . . . . . 4 . Impact . | . . . . . . . . . . . . . . . . . . . . Kinetic 3 | . . . . . . . . . . . . . . . . . . 3 . Secondary 1 | . . . . . . . . . . . . . . . . . . 1 . Self-Inflicted Damage 596 | . . 42 . . . 97 . . 24 . . . 72 . . . 151 210 . Shots 15 | . . 1 . . . 3 . . 2 . . . 1 . . . 4 4 . Rammed 2 | . 1 . . . . . . . . . . . 1 . . . . . . Targets Rammed 2 | . 1 . . . . . . . . . . . 1 . . . . . . Kicked . | . . . . . . . . . . . . . . . . . . . . Crushed . | . . . . . . . . . . . . . . . . . . . . Highest Temperature 455 | 50 40 334 385 . 170 135 312 199 253 353 205 . 253 . 306 . 354 455 301 Average Temperature 94 | 20 13 83 121 . 70 40 106 37 56 114 82 . 89 . 105 . 169 148 130 Received Heat Transfer 3302 | . 354 105 65 . . 231 360 234 262 66 18 . 383 . . . 225 684 315 Effects 10 | . . 1 1 . . . . . . 3 . . . . . . 3 2 . Shutdowns 2 | . . 1 . . . . . . . . . . . . . . . 1 . Energy Bleed 2 | . . . 1 . . . . . . . . . . . . . . 1 . Interference 6 | . . . . . . . . . . 3 . . . . . . 3 . . Siege Activations . | . . . . . . . . . . . . . . . . . . . . Martial Activations . | . . . . . . . . . . . . . . . . . . . . Shielding Activations . | . . . . . . . . . . . . . . . . . . . . Robots Disrupted . | . . . . . . . . . . . . . . . . . . . . Combat Hostiles . | . . . . . . . . . . . . . . . . . . . . Robots Corrupted . | . . . . . . . . . . . . . . . . . . . . Combat Hostiles . | . . . . . . . . . . . . . . . . . . . . Parts Fried 2 | . . . . . . . . . . 2 . . . . . . . . . Impact Corruptions . | . . . . . . . . . . . . . . . . . . . . Robots Melted . | . . . . . . . . . . . . . . . . . . . . Combat Hostiles . | . . . . . . . . . . . . . . . . . . . . Parts Melted 18 | 3 . . . . . . . 3 2 1 1 . 6 . 1 . . 1 . Heat Transferred 13251 | 777 . 740 592 . 74 1293 1300 2066 1963 300 375 . 2287 . 125 . 300 534 525 Parts Sabotaged . | . . . . . . . . . . . . . . . . . . . . Parts Stolen 1 | . . . . . . . . . . . 1 . . . . . . . . Parts Stripped . | . . . . . . . . . . . . . . . . . . . . Power Chain Reactions . | . . . . . . . . . . . . . . . . . . . . Alert | -11 -10 -9 -9 -9 -8 -8 -8 -8 -8 -7 -7 -7 -6 -6 -6 -6 -5 -5 -5 ------- Run | Yrd Mat Mat Min Exi Min Mat Gar Mat Gar Fac Low Low Fac Low Low Dat Pro Fac Ext Maximum Alert Level 4 | . . 2 . . . . 2 1 4 2 . . 2 . . . . 1 1 Low Security (%) 58 | 100 100 65 100 . 100 100 17 54 10 10 . . 57 . . . . 71 86 Level 1 23 | . . 5 . . . . 41 45 10 71 . . 8 . . . . 28 13 Level 2 14 | . . 29 . . . . 41 . 26 18 . . 33 . . . . . . Level 3 2 | . . . . . . . . . 40 . . . . . . . . . . Level 4 . | . . . . . . . . . 12 . . . . . . . . . . Level 5 . | . . . . . . . . . . . . . . . . . . . . High Security . | . . . . . . . . . . . . . . . . . . . . Max Security . | . . . . . . . . . . . . . . . . . . . . Peak Influence 1215 | 10 71 470 167 . 55 169 444 275 1215 637 . . 587 . . . . 339 233 Initial 637 | . . 15 156 . . 1 93 213 172 637 . . . . . . . . 163 Average 205 | 1 24 153 72 . 23 88 302 183 717 295 . . 207 . . . . 116 138 Influence Increases 7602 | 25 388 815 127 . 86 699 396 681 1103 293 90 . 1054 5 100 . 382 935 423 Destroy 0b10 Robot/C 4500 | . 240 540 100 . 60 380 260 420 660 160 80 . 520 . 80 . 320 500 180 Destroy 0b10 Robot/NC 335 | 25 15 45 . . . 40 . 30 . 20 . . 40 5 . . 10 50 55 Destroy Leader 904 | . 42 150 20 . 10 110 10 134 20 60 10 . 152 . 20 . 10 132 24 Allied During Kill 117 | . . . . . . . 1 4 . 2 . . . . . . 12 . 98 Successful Hack 325 | . 7 29 . . . 58 . 22 . 31 . . 38 . . . . 90 50 Disable Machine 240 | . 15 . . . . 15 . 15 . . . . 180 . . . . 15 . Anti-Garrison Action 350 | . . . . . . . 100 . 250 . . . . . . . . . . Destroy Structure 471 | . 9 51 7 . 1 36 10 11 113 20 . . 109 . . . . 88 16 Partial Spotted 15 | . . . . . . . . . . . . . 15 . . . . . . Lose Combat Pursuer 345 | . 60 . . . 15 60 15 45 60 . . . . . . . 30 60 . Influence Decreases 7587 | 25 351 451 528 . 80 561 101 854 154 1287 311 . 469 439 225 26 382 602 741 Entered New Map 1747 | . . 22 245 . . 5 51 226 94 578 83 . . 217 30 26 . . 170 Time Decay 5100 | 25 331 409 283 . 80 505 . 598 . 709 228 . 399 222 195 . 262 430 424 Lost Part 553 | . 20 . . . . 51 20 10 50 . . . 50 . . . 100 172 80 Lost Ally 187 | . . 20 . . . . 30 20 10 . . . 20 . . . 20 . 67 Squads Dispatched 35 | . 1 3 . . . . . 2 . 6 . . 11 . . . 1 10 1 Investigation 5 | . . . . . . . . 1 . . . . 2 . . . . 2 . Extermination 18 | . . . . . . . . . . 5 . . 7 . . . . 6 . Reinforcement 10 | . 1 3 . . . . . . . 1 . . 2 . . . . 2 1 Assault 1 | . . . . . . . . . . . . . . . . . 1 . . Garrison 1 | . . . . . . . . 1 . . . . . . . . . . . Intercept . | . . . . . . . . . . . . . . . . . . . . Searches Triggered . | . . . . . . . . . . . . . . . . . . . . Construction Impeded 3 | . . 1 . . . . . . . . . . . . . . . 1 1 Haulers Reinforced . | . . . . . . . . . . . . . . . . . . . . Active Scanning Responses . | . . . . . . . . . . . . . . . . . . . . Cargo Convoy Interrupts . | . . . . . . . . . . . . . . . . . . . . Stealth | -11 -10 -9 -9 -9 -8 -8 -8 -8 -8 -7 -7 -7 -6 -6 -6 -6 -5 -5 -5 --------- Run | Yrd Mat Mat Min Exi Min Mat Gar Mat Gar Fac Low Low Fac Low Low Dat Pro Fac Ext Distress Signals 17 | . 2 5 . . . 3 . 4 . . . . 1 . . . . 1 1 Communications Jammed . | . . . . . . . . . . . . . . . . . . . . Distress Signals . | . . . . . . . . . . . . . . . . . . . . Times Spotted 354 | . 24 39 17 . 4 32 25 41 34 17 5 1 39 . 4 . 19 39 14 Peak Tracking Total 9 | . 6 6 3 . 3 5 8 4 6 3 3 1 7 . 3 . 9 8 3 Tactical Retreats 22 | . 4 . 3 . 1 4 1 3 2 . . . . . . . 1 3 . Traps | -11 -10 -9 -9 -9 -8 -8 -8 -8 -8 -7 -7 -7 -6 -6 -6 -6 -5 -5 -5 ------- Run | Yrd Mat Mat Min Exi Min Mat Gar Mat Gar Fac Low Low Fac Low Low Dat Pro Fac Ext Traps Triggered 11 | . . . . . . . . . 6 4 . . 1 . . . . . . Indirectly . | . . . . . . . . . . . . . . . . . . . . Trap Hack Attempts 88 | . . 21 . . . . 58 . 9 . . . . . . . . . . Triggered . | . . . . . . . . . . . . . . . . . . . . Disarmed 1 | . . 1 . . . . . . . . . . . . . . . . . Reprogrammed 9 | . . 2 . . . . 6 . 1 . . . . . . . . . . Reused . | . . . . . . . . . . . . . . . . . . . . Traps Extracted . | . . . . . . . . . . . . . . . . . . . . Installed 1 | . . . . . . . . . . . . . . . . . 1 . . Triggered . | . . . . . . . . . . . . . . . . . . . . Most Traps Carried 3 | . . . . . . . . . . . . . . . . . 3 1 . Machines | -11 -10 -9 -9 -9 -8 -8 -8 -8 -8 -7 -7 -7 -6 -6 -6 -6 -5 -5 -5 ---------- Run | Yrd Mat Mat Min Exi Min Mat Gar Mat Gar Fac Low Low Fac Low Low Dat Pro Fac Ext Machines Disabled 22 | . 1 . . . . 1 2 1 3 . . . 12 . . . . 1 1 Max in Single Turn 5 | . 1 . . . . 1 1 1 1 . . . 5 . . . . 1 . Garrison Access 5 | . . . . . . . . . . 2 . . 2 . . . . 1 . Garrison Relay 6 | . . . . . . . 2 . 4 . . . . . . . . . . Machines Repaired . | . . . . . . . . . . . . . . . . . . . . Machines Dismantled . | . . . . . . . . . . . . . . . . . . . . Machines Sabotaged . | . . . . . . . . . . . . . . . . . . . . Overloaded Fab Kills . | . . . . . . . . . . . . . . . . . . . . Hacking | -11 -10 -9 -9 -9 -8 -8 -8 -8 -8 -7 -7 -7 -6 -6 -6 -6 -5 -5 -5 --------- Run | Yrd Mat Mat Min Exi Min Mat Gar Mat Gar Fac Low Low Fac Low Low Dat Pro Fac Ext Machines Accessed 104 | . 8 15 . 1 . 11 2 10 2 12 . . 17 . 2 4 . 16 4 Terminals 56 | . 7 9 . . . 7 2 7 2 2 . . 8 . . . . 9 3 Fabricators 9 | . . . . . . . . . . 4 . . 2 . . . . 3 . Repair Stations 12 | . 1 2 . . . 2 . 1 . 1 . . 3 . . . . 1 1 Recycling Units 6 | . . 2 . . . . . 1 . 1 . . 1 . . . . 1 . Scanalyzers 7 | . . 2 . . . 1 . . . 2 . . 1 . . . . 1 . Garrison Access 7 | . . . . . . 1 . 1 . 2 . . 2 . . . . 1 . Total Hacks 295 | . 24 53 . 1 . 41 2 27 3 30 . . 37 . 3 23 . 44 7 Successful 188 | . 16 39 . 1 . 26 2 15 2 17 . . 18 . 3 23 . 23 3 Failed 105 | . 7 13 . . . 15 . 12 1 13 . . 19 . . . . 21 4 Catastrophic 19 | . . 3 . . . . . 2 . 4 . . 3 . . . . 7 . Database Lockouts 2 | . 1 1 . . . . . . . . . . . . . . . . . Manual 81 | . 10 17 . . . 10 . 16 . 8 . . 10 . . . . 10 . Terminals 153 | . 20 26 . . . 28 2 20 3 9 . . 16 . . . . 24 5 Fabricators 17 | . . . . . . . . . . 4 . . 4 . . . . 9 . Repair Stations 45 | . 4 18 . . . 4 . 2 . 1 . . 10 . . . . 4 2 Recycling Units 11 | . . 3 . . . . . 3 . 2 . . 1 . . . . 2 . Scanalyzers 28 | . . 6 . . . 7 . . . 10 . . 2 . . . . 3 . Garrison Access 14 | . . . . . . 2 . 2 . 4 . . 4 . . . . 2 . Terminal Hacks 85 | . 9 14 . 1 . 12 2 3 2 2 . . 5 . 3 23 . 7 2 Record 13 | . . . . 1 . . . . . . . . 1 . 2 8 . 1 . Part Schematic 10 | . . . . . . . . . . . . . 1 . . 8 . 1 . Robot Schematic 4 | . . . . . . . . . . . . . . . . 4 . . . Robot Analysis 3 | . 1 2 . . . . . . . . . . . . . . . . . Prototype ID Bank 17 | . 4 1 . . . 3 . 2 . . . . 1 . . 3 . 2 1 Open Door 1 | . . . . . . . . . . . . . . . 1 . . . . Open DSF 1 | . . . . . . . . . . . . . . . . . . 1 . Branch Access Points 2 | . . 1 . . . . . . . . . . 1 . . . . . . Emergency Access Points 5 | . 1 . . . . 1 1 . 1 . . . . . . . . 1 . Terminal Index 4 | . 1 1 . . . . . 1 . 1 . . . . . . . . . Fabricator Index 1 | . . . . . . . . . . . . . . . . . . 1 . Alert Level 2 | . . 1 . . . 1 . . . . . . . . . . . . . Locate Traps 7 | . 1 . . . . 3 . . . 1 . . 1 . . . . . 1 Transport Status 1 | . . 1 . . . . . . . . . . . . . . . . . Recall Reinforcements 1 | . . 1 . . . . . . . . . . . . . . . . . Hauler Manifests 5 | . 1 3 . . . 1 . . . . . . . . . . . . . Registered Components 2 | . . 1 . . . 1 . . . . . . . . . . . . . Zone Layout 4 | . . 2 . . . 2 . . . . . . . . . . . . . Garrison Registry 1 | . . . . . . . 1 . . . . . . . . . . . . Patrol Navigation 1 | . . . . . . . . . 1 . . . . . . . . . . Fabricator Hacks 9 | . . . . . . . . . . 2 . . 2 . . . . 5 . Network Status 3 | . . . . . . . . . . 2 . . 1 . . . . . . Load Schematic 4 | . . . . . . . . . . . . . 1 . . . . 3 . Build 2 | . . . . . . . . . . . . . . . . . . 2 . Repair Station Hacks 23 | . 2 13 . . . 1 . 2 . . . . 2 . . . . 2 1 Scan Component 14 | . 1 7 . . . 1 . 1 . . . . 2 . . . . 1 1 Repair 9 | . 1 6 . . . . . 1 . . . . . . . . . 1 . Recycling Unit Hacks 1 | . . 1 . . . . . . . . . . . . . . . . . Retrieve Components 1 | . . 1 . . . . . . . . . . . . . . . . . Scanalyzer 18 | . . 5 . . . 5 . . . 6 . . . . . . . 2 . Insert Component 7 | . . 2 . . . 2 . . . 3 . . . . . . . . . Analyze 7 | . . 2 . . . 2 . . . 3 . . . . . . . . . Retrieve Study 4 | . . 1 . . . 1 . . . . . . . . . . . 2 . Garrison Access Hacks 13 | . . . . . . 1 . 2 . 4 . . 4 . . . . 2 . Unlock Access 2 | . . . . . . 1 . 1 . . . . . . . . . . . Seal Access 5 | . . . . . . . . . . 2 . . 2 . . . . 1 . Coupler Status 6 | . . . . . . . . 1 . 2 . . 2 . . . . 1 . Unauthorized Hacks 39 | . 5 6 . . . 7 . 8 . 3 . . 5 . . . . 5 . Terminals 31 | . 5 4 . . . 7 . 7 . 2 . . 4 . . . . 2 . Track 1 | . . 1 . . . . . . . . . . . . . . . . . Assimilate 13 | . 2 . . . . 4 . 4 . . . . 3 . . . . . . Botnet 11 | . 2 2 . . . 2 . 2 . 1 . . 1 . . . . 1 . Operators 6 | . 1 1 . . . 1 . 1 . 1 . . . . . . . 1 . Fabricators 4 | . . . . . . . . . . 1 . . 1 . . . . 2 . Haulers 2 | . . . . . . . . . . 1 . . . . . . . 1 . Recompile 2 | . . . . . . . . . . . . . 1 . . . . 1 . Repair Stations 1 | . . 1 . . . . . . . . . . . . . . . . . Mechanics 1 | . . 1 . . . . . . . . . . . . . . . . . Recycling Units 3 | . . 1 . . . . . 1 . . . . . . . . . 1 . Reject 1 | . . . . . . . . . . . . . . . . . . 1 . Recyclers 2 | . . 1 . . . . . 1 . . . . . . . . . . . Scanalyzers . | . . . . . . . . . . . . . . . . . . . . Garrison Access . | . . . . . . . . . . . . . . . . . . . . Data Cores Recovered . | . . . . . . . . . . . . . . . . . . . . Used . | . . . . . . . . . . . . . . . . . . . . Hacking Detections 79 | . 8 14 . . . 8 2 10 1 8 . . 14 . . . . 10 4 Full Trace Events 3 | . . . . . . . . 1 . . . . 1 . . . . 1 . Feedback Events 1 | . . . . . . . . . . . . . 1 . . . . . . Hackware Fried 1 | . . . . . . . . . . . . . 1 . . . . . . Feedback Blocked . | . . . . . . . . . . . . . . . . . . . . Robot Schematics Acquired 4 | . . . . . . . . . . . . . . . . 4 . . . Robots Built . | . . . . . . . . . . . . . . . . . . . . Authchips . | . . . . . . . . . . . . . . . . . . . . Time . | . . . . . . . . . . . . . . . . . . . . Total Robot Build Rating . | . . . . . . . . . . . . . . . . . . . . Part Schematics Acquired 16 | . . 2 . . . 2 . . . 2 . . 1 . . 8 . 1 . Parts Built 1 | . . . . . . . . . . . . . . . . . . 1 . Authchips 2 | . . . . . . . . . . . . . . . . . . 2 . Time 123 | . . . . . . . . . . . . . . . . . . 123 . Total Part Build Rating 6 | . . . . . . . . . . . . . . . . . . 6 . Part Studies Acquired 4 | . . 1 . . . 1 . . . . . . . . . . . 2 . Parts Repaired 9 | . 1 6 . . . . . 1 . . . . . . . . . 1 . Time 285 | . 26 205 . . . . . 32 . . . . . . . . . 22 . Parts Recycled . | . . . . . . . . . . . . . . . . . . . . Recycled Matter . | . . . . . . . . . . . . . . . . . . . . Retrieved Matter . | . . . . . . . . . . . . . . . . . . . . Retrieved Components 9 | . . 9 . . . . . . . . . . . . . . . . . Parts Scanalyzed 7 | . . 2 . . . 2 . . . 3 . . . . . . . . . Part Schematics Acquired 6 | . . 2 . . . 2 . . . 2 . . . . . . . . . Parts Damaged 1 | . . . . . . . . . . 1 . . . . . . . . . Bothacking | -11 -10 -9 -9 -9 -8 -8 -8 -8 -8 -7 -7 -7 -6 -6 -6 -6 -5 -5 -5 ------------ Run | Yrd Mat Mat Min Exi Min Mat Gar Mat Gar Fac Low Low Fac Low Low Dat Pro Fac Ext Used RIF Installer 2 | . . . . . . . 1 . 1 . . . . . . . . . . Watcher Feeds 1 | . . . . . . . . . 1 . . . . . . . . . . Robots Hacked 27 | . . 3 . . . . 1 2 . 6 . . 11 . . . 1 2 1 Non-combat 24 | . . 3 . . . . . 1 . 5 . . 11 . . . 1 2 1 Combat 3 | . . . . . . . 1 1 . 1 . . . . . . . . . Robot Hacks Applied 35 | . . 4 . . . . 1 3 . 9 . . 13 . . . 1 2 2 parse_system 8 | . . 3 . . . . . . . 3 . . . . . . 1 1 . find_chute 1 | . . . . . . . . . . 1 . . . . . . . . . ignore_repairs 11 | . . . . . . . . . . 2 . . 8 . . . . . 1 map_walls 2 | . . . . . . . . . . . . . 1 . . . . . 1 drop_inventory 1 | . . . . . . . . . . . . . 1 . . . . . . find_station 4 | . . 1 . . . . . 1 . 1 . . . . . . . 1 . block_reporting 1 | . . . . . . . . . . . . . 1 . . . . . . find_garrison 2 | . . . . . . . . 1 . 1 . . . . . . . . . formatsys_low 2 | . . . . . . . . . . . . . 2 . . . . . . formatsys_high 3 | . . . . . . . 1 1 . 1 . . . . . . . . . Relay Couplers Released 22 | . . . . . . . 6 . 13 1 . . . . . . . 2 . Machine Destruction 22 | . . . . . . . 6 . 13 1 . . . . . . . 2 . Attached 6 | . . . . . . . 2 . . 1 . . 3 . . . . . . Fabnet Peak Effective % . | . . . . . . . . . . . . . . . . . . . . Robots Rewired 11 | . . . . . . . . . . . . . . . . . 2 . 9 Allies Hacked . | . . . . . . . . . . . . . . . . . . . . Hacks Repelled . | . . . . . . . . . . . . . . . . . . . . Allies | -11 -10 -9 -9 -9 -8 -8 -8 -8 -8 -7 -7 -7 -6 -6 -6 -6 -5 -5 -5 -------- Run | Yrd Mat Mat Min Exi Min Mat Gar Mat Gar Fac Low Low Fac Low Low Dat Pro Fac Ext Total Allies 21 | . 2 . . . . 1 1 2 . 1 . . 3 . . . 2 . 9 Largest Group 9 | . 2 2 . . . 1 1 1 1 1 . . 1 . . . 2 1 9 Highest-Rated Group 252 | . 20 20 . . . 10 15 15 7 32 . . 26 . . . 78 29 252 Highest-Rated Ally 49 | . 10 10 . . . 10 15 15 7 32 . . 26 . . . 49 29 39 Total Orders 33 | . . 12 . . . 2 . 2 . 3 . . 8 . . . . . 6 STAY 17 | . . 6 . . . 1 . 1 . 2 . . 4 . . . . . 3 FOLLOW 15 | . . 6 . . . 1 . 1 . 1 . . 4 . . . . . 2 GUARD 1 | . . . . . . . . . . . . . . . . . . . 1 Ally Attacks 129 | . . . . . . . 1 7 . 2 . . . . . . 42 4 73 Total Damage 2483 | . . . . . . . 28 96 . 77 . . . . . . 684 80 1518 Kills 10 | . . . . . . . . 1 . . . . . . . . 1 . 8 Allies Corrupted . | . . . . . . . . . . . . . . . . . . . . Allies Melted . | . . . . . . . . . . . . . . . . . . . . Intel | -11 -10 -9 -9 -9 -8 -8 -8 -8 -8 -7 -7 -7 -6 -6 -6 -6 -5 -5 -5 ------- Run | Yrd Mat Mat Min Exi Min Mat Gar Mat Gar Fac Low Low Fac Low Low Dat Pro Fac Ext Active Infowar (turns) 22729 | 49 1179 1783 771 211 204 1608 109 918 1368 2779 793 74 3353 461 2092 132 1147 2651 1047 Optics 2324 | . . . . . . . . . . . . . . . . . . 1277 1047 Sensors 13141 | . . . . . . . . . . 2779 793 74 3353 461 2092 132 1147 1499 811 Terrain 520 | . . . . . . . . . . . . . . . . . . 497 23 Seismic 7591 | 49 1179 1783 771 211 204 1108 . 918 1368 . . . . . . . . . . Machine Analysis 1716 | . . . . . . 1607 109 . . . . . . . . . . . . Jamming 40 | . . . . . . . . . . . . . . . . . . 40 . Robot Analysis Total 3 | . 1 2 . . . . . . . . . . . . . . . . . Derelict Logs Recovered 6 | . . . 1 . . . . . . . 1 . . 1 2 . 1 . . Drone Launches . | . . . . . . . . . . . . . . . . . . . . Drone Recoveries . | . . . . . . . . . . . . . . . . . . . . Exploration | -11 -10 -9 -9 -9 -8 -8 -8 -8 -8 -7 -7 -7 -6 -6 -6 -6 -5 -5 -5 ------------- Run | Yrd Mat Mat Min Exi Min Mat Gar Mat Gar Fac Low Low Fac Low Low Dat Pro Fac Ext Turns Passed 26230 | 188 1231 1783 826 211 204 1608 727 1902 1368 3169 826 75 4078 463 2123 134 1223 3042 1049 Spaces Moved 13696 | 82 558 1006 380 187 131 956 453 915 696 1372 495 48 2142 306 1113 88 699 1497 572 Core 8 | 3 . . . . . . . . . . . . . . . . . . 5 Treads 195 | 79 115 . . . . . . . 1 . . . . . . . . . . Legs . | . . . . . . . . . . . . . . . . . . . . Wheels 13493 | . 443 1006 380 187 131 956 453 915 695 1372 495 48 2142 306 1113 88 699 1497 567 Hover . | . . . . . . . . . . . . . . . . . . . . Flight . | . . . . . . . . . . . . . . . . . . . . Fastest Speed 50 | 50 110 110 110 110 110 110 110 110 140 135 150 150 145 145 145 145 130 130 50 Average Speed 143 | 155 127 113 134 110 110 117 115 153 140 182 150 150 148 145 149 145 144 146 137 Slowest Speed 570 | 160 160 155 155 110 110 155 155 215 570 245 245 150 260 205 205 205 145 220 235 Overloaded Moves . | . . . . . . . . . . . . . . . . . . . . Propulsion Burnouts . | . . . . . . . . . . . . . . . . . . . . Robots Hopped . | . . . . . . . . . . . . . . . . . . . . Potential Cave-ins . | . . . . . . . . . . . . . . . . . . . . Cave-ins Triggered . | . . . . . . . . . . . . . . . . . . . . Exploration Rate (%) 55 | 4 93 85 71 54 54 68 35 54 82 26 66 9 43 45 89 68 75 37 58 Regions Visited 19 Branch Regions 10 Pre-discovered Areas 4 | . . . 1 1 . . . . . . . . . . . 1 1 . . Known Exits Taken 11 | . . 1 . . . 1 . 1 . 1 1 1 1 1 1 1 1 . . Unknown Exits Taken 6 | 1 1 . 1 1 1 . . . . . . . . . . . . 1 . Scrap Searched 13 | . . . 2 . 1 . . . . . 3 1 . 1 2 . 3 . . Spaces Dug 197 | . 7 . . . . 15 . 5 1 20 . . 15 . 116 . . 18 . Terrain Destroyed 565 | . 8 44 8 . 1 27 . 5 74 20 6 . 106 . 162 . 62 42 . Melee 139 | . 2 . . . . 15 . 5 1 20 . . 13 . 65 . . 18 . Projectile 111 | . 6 8 8 . 1 3 . . . . . . 6 . 70 . 2 7 . AOE 315 | . . 36 . . . 9 . . 73 . 6 . 87 . 27 . 60 17 . Terrain Rammed . | . . . . . . . . . . . . . . . . . . . . Walls Destroyed . | . . . . . . . . . . . . . . . . . . . . Machines Disabled . | . . . . . . . . . . . . . . . . . . . . Actions | -11 -10 -9 -9 -9 -8 -8 -8 -8 -8 -7 -7 -7 -6 -6 -6 -6 -5 -5 -5 --------- Run | Yrd Mat Mat Min Exi Min Mat Gar Mat Gar Fac Low Low Fac Low Low Dat Pro Fac Ext Total 18718 | 119 954 1547 636 191 179 1317 582 1303 960 1942 554 50 2836 315 1369 93 836 2159 776 Wait 2802 | 2 279 345 224 . 40 182 17 253 80 412 25 1 370 . 101 . 14 370 87 Move 13675 | 81 557 1005 379 186 130 955 451 914 694 1371 494 47 2141 305 1112 87 698 1496 572 Hop . | . . . . . . . . . . . . . . . . . . . . Pick Up 225 | 7 24 19 . . 1 27 4 17 7 18 1 . 29 . 1 . 20 45 5 Fast Attach 94 | 8 . 12 . . . 1 . 2 5 5 5 . 18 . 2 2 1 21 12 Attach 83 | . 2 2 . . . 10 2 2 6 3 . . 9 . . . 11 26 10 Detach 6 | 1 . . . . . . . . . . . . . . . . . 3 2 Swap 553 | 1 19 51 9 4 2 52 18 44 48 52 16 2 115 6 27 2 19 50 16 Drop 249 | . 14 33 . 1 1 23 1 18 9 22 6 . 44 . 3 2 12 41 19 Fire 540 | 19 53 38 24 . 5 39 27 31 50 22 7 . 80 . 45 . 37 29 34 Melee 321 | . 5 21 . . . 28 4 22 10 29 . . 29 4 78 . 3 69 19 Ram . | . . . . . . . . . . . . . . . . . . . . Kick . | . . . . . . . . . . . . . . . . . . . . Crush 2 | . 1 . . . . . . . . . . . 1 . . . . . . Escape Stasis 42 | . . . . . . . . . 42 . . . . . . . . . . Rewire 20 | . . . . . . . . . . . . . . . . . 20 . . Trap 89 | . . 21 . . . . 58 . 9 . . . . . . . 1 . . Miscellaneous 17 | . . . . . . . . . . 8 . . . . . . . 9 . Route ------- -11/Scrapyard -10/Materials (discovered 4 exits: *Mat x3 / [*Min]) -9/Materials (discovered 2 exits: *Mat / *Min) -9/Mines (discovered 3 exits: *Mat x2 / *Exi) -9/Exiles -8/Mines -8/Materials (discovered 2 exits: *Fac / Gar) -8/Garrison (discovered 3 exits: *Mat x3) -8/Materials -8/Garrison (discovered 4 exits: *Fac x3 / [*Mat]) -7/Factory -7/Lower Caves -7/Lower Caves -6/Factory (discovered 4 exits: *Fac x2 / *Low x2) -6/Lower Caves -6/Lower Caves (discovered 2 exits: *Fac / *Dat) -6/Data Miner -5/Proximity Caves -5/Factory (discovered 3 exits: [*Fac] / *Upp / *Ext) -5/Extension History --------- Turn | Location | Event 81 | -11/Scrapyard | Discovered new exit (range 12) 189 | -11/Scrapyard | Entered Materials 331 | -10/Materials | Build established: Mutant 503 | -10/Materials | Discovered new exit (range 7) 579 | -10/Materials | Discovered new exit (range 14) 751 | -10/Materials | Repaired Lgt. Treads 755 | -10/Materials | Core integrity fell below 50% 850 | -10/Materials | Discovered new exit (range 15) 1285 | -10/Materials | Central database locked down 1375 | -10/Materials | Discovered new exit (range 15) 1420 | -10/Materials | Entered another Materials area 1420 | -9/Materials | Accompanied by 2 allies 1420 | -9/Materials | Evolved 2 slots: Utility x1, Weapon x1 1461 | -9/Materials | Identified exit to Mines 1542 | -9/Materials | Central database locked down 1713 | -9/Materials | Build established: Tank 1746 | -9/Materials | Repaired Arm. Wheel+ 1887 | -9/Materials | Discovered new exit (range 16) 2700 | -9/Materials | Destroyed 7 combat bots 3014 | -9/Materials | Repaired Arm. Wheel+ 3067 | -9/Materials | Repaired Imp. Assault Rifle 3100 | -9/Materials | Repaired Arm. Wheel+ 3121 | -9/Materials | Build established: Mutant 3127 | -9/Materials | Repaired Grenade Launcher 3160 | -9/Materials | Repaired Arm. Wheel+ 3203 | -9/Materials | Entered Mines 3234 | -9/Mines | Discovered new exit (range 11) 3237 | -9/Mines | Learned location of Storage (-7) 3415 | -9/Mines | Assembled infested the area 3420 | -9/Mines | Assisted by a Guerilla fighting off Assembled 3589 | -9/Mines | Core integrity fell below 50% 3759 | -9/Mines | Build established: Scavenger-Tank 3993 | -9/Mines | Discovered new exit (range 8) 4021 | -9/Mines | Deemed a non-threat by the Exiles lab entrance 4023 | -9/Mines | Discovered new exit (range 5) 4029 | -9/Mines | Entered Exiles 4057 | -9/Exiles | Met 8R-AWN 4076 | -9/Exiles | Met EX-HEX 4118 | -9/Exiles | Met EX-DEC 4132 | -9/Exiles | Learned location of Zion (-7) 4153 | -9/Exiles | Met EX-BIN 4228 | -9/Exiles | Discovered new exit (range 10) 4240 | -9/Exiles | Entered Mines 4329 | -8/Mines | Build established: Tank 4425 | -8/Mines | Discovered new exit (range 14) 4444 | -8/Mines | Entered Materials 4444 | -8/Materials | Evolved 2 slots: Utility x2 4617 | -8/Materials | Lost 6 parts (1p2n1u2w) 5372 | -8/Materials | Discovered new exit (range 16) 6030 | -8/Materials | Identified exit to Garrison 6052 | -8/Materials | Entered Garrison 6052 | -8/Garrison | Accompanied by 1 ally 6156 | -8/Garrison | Triggered checkpoint 6156 | -8/Garrison | Garrison Relay disabled 6211 | -8/Garrison | Discovered new exit (range 27) 6211 | -8/Garrison | Discovered new exit (range 56) 6211 | -8/Garrison | Discovered new exit (range 75) 6318 | -8/Garrison | Triggered checkpoint 6388 | -8/Garrison | Triggered checkpoint 6450 | -8/Garrison | Installed Relay Interface Framework 6467 | -8/Garrison | Garrison Relay disabled 6566 | -8/Garrison | Triggered checkpoint 6779 | -8/Garrison | Entered Materials 7274 | -8/Materials | Core integrity fell below 50% 7358 | -8/Materials | Build established: Gunner 7761 | -8/Materials | Build established: Mutant 7951 | -8/Materials | Watched by a mysterious "MATRIX" hacker 8169 | -8/Materials | Build established: Gunner 8308 | -8/Materials | Repaired Cooling System 8593 | -8/Materials | Garrison activated, responded to threat 8668 | -8/Materials | Identified exit to Garrison 8681 | -8/Materials | Entered Garrison 8681 | -8/Garrison | Accompanied by 1 ally 8797 | -8/Garrison | Triggered checkpoint 8850 | -8/Garrison | Garrison Relay disabled 8935 | -8/Garrison | Triggered checkpoint 8958 | -8/Garrison | Triggered checkpoint 9027 | -8/Garrison | Discovered new exit (range 10) 9057 | -8/Garrison | Triggered checkpoint 9089 | -8/Garrison | Garrison Relay disabled 9254 | -8/Garrison | Discovered new exit (range 10) 9270 | -8/Garrison | Build established: Tank 9307 | -8/Garrison | Triggered checkpoint 9346 | -8/Garrison | Discovered new exit (range 3) 9399 | -8/Garrison | Triggered checkpoint 9450 | -8/Garrison | Garrison Relay disabled 9619 | -8/Garrison | Triggered checkpoint 9670 | -8/Garrison | Destroyed 7 combat bots 9909 | -8/Garrison | Triggered checkpoint 9919 | -8/Garrison | Garrison Relay disabled 9924 | -8/Garrison | Core integrity fell below 20% 9948 | -8/Garrison | Lost 3 parts (2u1w) 10009 | -8/Garrison | Discovered new exit (range 8) 10024 | -8/Garrison | Expanded RIF knowledge: Watcher Feeds 10046 | -8/Garrison | Identified exit to Factory 10049 | -8/Garrison | Entered Factory 10049 | -7/Factory | Evolved 2 slots: Utility x2 10250 | -7/Factory | Found Prototype Launcher 10250 | -7/Factory | Identified Rocket Array 10995 | -7/Factory | P-60 Hacker assimilated allied Guardian 4a 11252 | -7/Factory | Build established: Gunner 12493 | -7/Factory | Build established: Mutant 13192 | -7/Factory | Discovered new exit (range 14) 13210 | -7/Factory | Identified exit to Lower Caves 13218 | -7/Factory | Entered Lower Caves 13391 | -7/Lower Caves | Attracted the attention of an 0b10 checkpoint 13409 | -7/Lower Caves | Learned Factory terminal intel 13576 | -7/Lower Caves | Build established: Gunner 13881 | -7/Lower Caves | Discovered new exit (range 14) 13899 | -7/Lower Caves | Identified exit to Lower Caves 14044 | -7/Lower Caves | Entered another Lower Caves area 14090 | -7/Lower Caves | Discovered new exit (range 12) 14107 | -7/Lower Caves | Identified exit to Factory 14113 | -7/Lower Caves | Spotted B-75 Beast 14119 | -7/Lower Caves | Entered Factory 14119 | -6/Factory | Evolved 2 slots: Utility x2 14120 | -6/Factory | Loaded intel: 26 terminal locations 14431 | -6/Factory | Discovered new exit (range 30) 14486 | -6/Factory | Discovered new exit (range 9) 14505 | -6/Factory | Identified exit to Lower Caves 14542 | -6/Factory | Build established: Mutant 14939 | -6/Factory | Build established: Gunner 15444 | -6/Factory | Discovered new exit (range 8) 15453 | -6/Factory | Identified exit to Factory 17913 | -6/Factory | Imp. Hacking Suite fried by hacking feedback 18133 | -6/Factory | P-60 Hacker assimilated allied Administrator 5b 18197 | -6/Factory | Entered Lower Caves 18198 | -6/Lower Caves | Encountered a Warlord checkpoint 18610 | -6/Lower Caves | Learned location of 1 exit from Factory 18651 | -6/Lower Caves | Discovered new exit (range 3) 18653 | -6/Lower Caves | Identified exit to Lower Caves 18660 | -6/Lower Caves | Entered another Lower Caves area 18681 | -6/Lower Caves | Encountered a Warlord checkpoint 18686 | -6/Lower Caves | Discovered exit to Factory (range 14) 19387 | -6/Lower Caves | Entered a destroyed Warlord outpost 19396 | -6/Lower Caves | Build established: Mutant 19771 | -6/Lower Caves | Build established: Gunner 20452 | -6/Lower Caves | Learned Factory terminal intel 20497 | -6/Lower Caves | Discovered new exit (range 13) 20536 | -6/Lower Caves | Learned Factory trap positions 20730 | -6/Lower Caves | Identified exit to Data Miner 20783 | -6/Lower Caves | Entered Data Miner 20785 | -6/Data Miner | Discovered new exit (range 7) 20812 | -6/Data Miner | Met Data Miner 20837 | -6/Data Miner | Learned location of Section 7 (-3) 20837 | -6/Data Miner | Acquired the access code to Warlord's prototype stash 20860 | -6/Data Miner | Received God Mode back door access code from Data Miner 20912 | -6/Data Miner | Identified exit to Proximity Caves 20917 | -6/Data Miner | Entered Proximity Caves 21160 | -5/Proximity Caves | Attracted the attention of an 0b10 outpost 21226 | -5/Proximity Caves | Destroyed 9 combat bots 21231 | -5/Proximity Caves | Lost 10 parts (2p1n6u1w) 21428 | -5/Proximity Caves | Build established: Scavenger-Tank 22046 | -5/Proximity Caves | Discovered exit to Factory (range 11) 22048 | -5/Proximity Caves | Found DCF Scrap (10 items) 22140 | -5/Proximity Caves | Entered Factory 22140 | -5/Factory | Accompanied by 1 ally 22140 | -5/Factory | Evolved 2 slots: Utility x1, Weapon x1 22141 | -5/Factory | Identified exit to Upper Caves 22142 | -5/Factory | Loaded intel: 89 trap records 22143 | -5/Factory | Loaded intel: 27 terminal locations 22490 | -5/Factory | Repaired Med. Insulated Plating 22995 | -5/Factory | Found Hvy. Insulated Plating 23518 | -5/Factory | Build established: Gunner 23650 | -5/Factory | Lost 14 parts (2p2n5u5w) 23652 | -5/Factory | System corruption reached 10% 23730 | -5/Factory | Lost 3 parts (1n2u) 24083 | -5/Factory | Core integrity fell below 50% 24267 | -5/Factory | Fabricated Tiamat Missile Launcher (x1) 24392 | -5/Factory | Build established: Scavenger-Gladiator 24753 | -5/Factory | Found Hvy. Reflective Plating 24765 | -5/Factory | Discovered new exit (range 18) 25029 | -5/Factory | Discovered new exit (range 9) 25182 | -5/Factory | Entered Extension 25613 | -5/Extension | Lost 3 allies 26083 | -5/Extension | Spotted B-75 Beast 26166 | -5/Extension | Allies destroyed B-75 Beast 26187 | -5/Extension | Spotted B-75 Beast 26188 | -5/Extension | Lost 4 parts (2n1u1w) 26212 | -5/Extension | Core integrity fell below 20% 26229 | -5/Extension | Released all parts (16) 26231 | -5/Extension | Destroyed by B-75 Beast with Magnetic Acceleration Cannon Last Messages --------------- 26227_ R-10 Processor destroyed. 26229_ Released Imp. Energy Well. 26229_ Released Imp. Focal Shield. 26229_ Released Imp. Melee Analysis Suite. 26229_ Released Visual Processing Unit. 26229_ Released Adv. Terrain Scan Processor. 26229_ Released Imp. Target Analyzer. 26229_ Released Huge Storage Unit. 26229_ Released Relay Coupler [NC]. 26229_ Released Core Analyzer. 26229_ Released Phasing Sabre. 26229_ Released Neutrino Core. 26229_ Released Wheel+. 26229_ Released Phase Shifter. 26229_ Released Ion Burst Cannon. 26229_ Released Ripper. 26229_ Released Tiamat Missile Launcher. 26229_ Acquired 5 matter. 26229_ Penetrated by Slug. [Achievement: I Think I Know What's Going On] Map ----- +----------------------------------------------------+ | # == #?# % !#[ ### #????????# #?? | | # != #?# = % #####?# #????????# #?? | | "" """## #! = #?# % #?????# #????????# #?? | | ""T"""## # [ = #?#+##+###?????# #????????# #?? | | ######## ###########?# #???????# #????????# #?? | | ???????# #???????????# #???????# #????????# #?? | | ######## ############# #########*#????????# #?? | | =%%!![%![#????????# #?? | | #####################"T############/#????????# #?? | | ????????????????????#""#??????????# #????????# #?? | | ????????????????????####???######## #????????# #?? | | ????????????????????????#### # #????????# #?? | | ????????????????????????#""" """ # #????????# #?? | | ????????????????????????#"T "Y" + #????????# #?? | | ????????????????????????#""" " " #^#????????# #?? | | ????????????????????????#### # #????????# #?? | | ???????????????????????????# = = [# #????????# #?? | | ???????????????????????????## ##### #????????# #?? | | ????????????????????????????###???# #???#?##?# #?? | | ??????????????????????????????????# ### #" ### #?? | | ??????????????????????????????????" ""% " "?? | | ??????????????????????????????????" " " "?? | | ????????????????????????????????? # | | ????????????????????????????#####% % # | | #############################!##|!YY % # | | % @]|/ !!%%= === | | /!%!]%!= /%= | | % % /!%![!% = ? | | %% u % **!!! * = ? | | t u% % k !] =%k ?? | | ##################;%#;####;###### ! = ?? | | ?????????????##########??###????# ?? | | ????????????????????????????????# ??? | | ????????????????????????????????? ??? | | ????????????????????????????????? ???? | | ?????????????????????????????????#####T#"""###???? | | ??????????????????????????????????????##?????????? | | ?????????????????????????????????????????????????? | | | | | | | | | | | | | | | | | | | | | | | | | +----------------------------------------------------+ Best States ------------- Heat Dissipation 67 Coolant Potential 65 Energy Generation 20 Energy Capacity 715 Matter Stores 300 Matter Capacity 300 Sight Range 18 Robot Scan Range 16 Terrain Scan Range 20 Terrain Scan Density 210 Jamming Range 14 Power Amplification 20 Armor Coverage 600 Resistance: KI 30 Resistance: EM 30 Propulsion Shielding 66 Melee Speed Boost 20 Phase Shifting 5 Evasion (%) 44 Targeting Accuracy 8 Melee Accuracy 6 Target Analysis 6 Core Analysis 6 Armor Integrity Analysis 30 Recoil Reduction 5 Matter Filtering 30 Particle Charging 15 Kinecelleration 40 Salvage Targeting 3 Offensive Hacking 12 Defensive Hacking 14 Relay Coupler Types 1 Relay Coupler Value 28 Authchip Count 1 Item Schematics ----------------- Arm. Wheel | -9/Materials | Scanalyzed Lgt. Armor Plating | -9/Materials | Scanalyzed Cooling System | -8/Materials | Scanalyzed Hardlight Generator | -8/Materials | Scanalyzed Imp. Cooling System | -7/Factory | Scanalyzed Minigun | -7/Factory | Scanalyzed Adv. Thermal Shield | -6/Factory | Hacked Combat Drone Bay | -6/Data Miner | Free Lgt. Regenerative Plating | -6/Data Miner | Free Cld. Nuclear Pulse Thruster | -6/Data Miner | Free Imp. Matter Compressor | -6/Data Miner | Free Tiamat Missile Launcher | -6/Data Miner | Free Hvy. Siege Treads | -6/Data Miner | Free Lrn. Terrain Scanner | -6/Data Miner | Free Hvy. Gauss Cannon | -6/Data Miner | Free Imp. Weapon Cycler | -5/Factory | Hacked Robot Schematics ------------------ H-66 Slayer | -6/Data Miner | Free E-15 Imp | -6/Data Miner | Free A-15 Conveyor | -6/Data Miner | Free L-61 Swordsman | -6/Data Miner | Free Fabricated ------------ Tiamat Missile Launcher | x1 | -5/Factory | Authchip Repaired ---------- Lgt. Treads | 32% | -10/Materials Arm. Wheel | 73% | -9/Materials Arm. Wheel | 65% | -9/Materials Imp. Assault Rifle | 65% | -9/Materials Arm. Wheel | 83% | -9/Materials Grenade Launcher | 83% | -9/Materials Arm. Wheel | 91% | -9/Materials Cooling System | 42% | -8/Materials Med. Insulated Plating | 74% | -5/Factory Studied --------- Arm. Wheel | -9/Materials | Hacked Autogun | -8/Materials | Hacked Com. Wheel | -5/Factory | Hacked Wheel | -5/Factory | Hacked Alien Tech Used ----------------- None Achievements -------------- Hehehe I Think I Know What's Going On Infiltrator Oppo Buddy Challenges ------------ None Game ------ Seed TerrabombAssemblyPendant Manual? 0 Play Time 06:20:42 Cumulative 153.6 hours Start 2026.07.21 @ 13:36:47 End 2026.07.22 @ 16:32:50 Sessions 11 Manual Loads 0 Difficulty Rogue Special Mode None Game No. 68 Rogue 67 Adventurer 1 Explorer 0 Win Type - Total 1 Types 1/0/0/0/0/0/0/0/0/0 Lore% 51 Gallery% 47 Achievement% 40 Wizard Run 0 Options --------- Layout 1 ASCII 0 Keyboard 0 Movement Numpad Keybinds 0 Fullscreen 1 Font 24/Smallcaps Map View 50x35 Zoom Use 0% Tactical HUD 1 Map Filters NONE Filters NONE Steam 1 RUN: d16bb14a-9932-4d1a-a9c1-5192cd4b8382